 Dungeon Crawl Stone Soup version 0.22-a0-247-gbddf880757 (webtiles) character file.

103 Peterchen the Chopper (level 4, -9/40 HPs)
             Began as a Minotaur Berserker on Feb 24, 2018.
             Was a Believer of Trog.
             Splashed by Ijyb's acid (15 damage)
             ... on level 3 of the Dungeon.
             The game lasted 00:04:12 (1949 turns).

Peterchen the Chopper (Minotaur Berserker)          Turns: 1949, Time: 00:04:13

Health: -9/40      AC: 10    Str: 23    XL:     4   Next: 51%
Magic:  3/3        EV:  9    Int:  4    God:    Trog [**....]
Gold:   46         SH:  0    Dex:  9    Spells: 3/3 levels left

rFire    . . .     SeeInvis .   a - +0 hand axe
rCold    . . .     Gourm    .   (no shield)
rNeg     . . .     Faith    .   m - +0 chain mail
rPois    .         Spirit   .   (helmet restricted)
rElec    .         Reflect  .   (no cloak)
rCorr    .         Harm     .   n - +0 pair of gloves
MR       ++...                  (no boots)
Stlth    ..........             f - amulet of inaccuracy (curse)
HPRegen  1.13/turn              (no ring)
MPRegen  0.08/turn              (no ring)

@: berserk cooldown, regenerating, slowed, very slow
A: retaliatory headbutt, horns 2
a: Berserk, Trog's Hand, Renounce Religion


You were on level 3 of the Dungeon.
You worshipped Trog.
Trog was pleased with you.
You were very hungry.

You visited 1 branch of the dungeon, and saw 3 of its levels.

You collected 46 gold pieces.

Inventory:

Hand Weapons
 a - a +0 hand axe (weapon)
Armour
 m - a +0 chain mail (worn)
 n - a +0 pair of gloves (worn)
Jewellery
 e - an uncursed amulet of guardian spirit
 f - a cursed amulet of inaccuracy (around neck)
Scrolls
 b - a scroll of teleportation
 h - a scroll of identify {unknown}
 k - a scroll of immolation {unknown}
 l - a scroll of random uselessness {unknown}
Potions
 i - a potion of haste {unknown}
Comestibles
 c - 3 rations
 j - 13 chunks of flesh


   Skills:
 + Level 4.3 Fighting
 * Level 4.9 Axes
 + Level 3.3 Armour
 + Level 3.1 Dodging


You had 3 spell levels left.
You didn't know any spells.

Dungeon Overview and Level Annotations

Branches:
Dungeon (3/15)

Altars:
Qazlal

Annotations:
D:3 Ijyb


Innate Abilities, Weirdness & Mutations

You reflexively headbutt those who attack you in melee.
You have a pair of horns on your head.


Message History

You headbutt Ijyb, but do no damage. Ijyb hits you but does no damage.
You miss Ijyb.
Ijyb is heavily wounded.
Ijyb hits you but does no damage.
You barely miss Ijyb. You headbutt Ijyb, but do no damage.
Ijyb is moderately wounded.
Ijyb hits you.
* * * LOW HITPOINT WARNING * * *
Ijyb hits you but does no damage.
You're still recovering from your berserk rage.
Your skin crawls.
You feel resistant to hostile enchantments.
You are feeling very hungry.
Ijyb hits you but does no damage.
You hit Ijyb but do no damage.
Ijyb is moderately wounded.
Ijyb hits you.
Ijyb zaps a wand.
The bolt of acid hits you!
* * * LOW HITPOINT WARNING * * *
You are splashed with acid!
The acid burns!
You die...

#.# .# #.. .#
.# ##.# #..
#.# #####g###
#....@..#
#.......###
#...%.......
#.......###..
#.......#
.........#
.##.........
# ###########


You could see Ijyb.

Vanquished Creatures
  5 adders
  2 worms
  A dart slug (D:2)
  A leopard gecko (D:2)
  4 giant cockroaches
  8 goblins
  7 hobgoblins
  4 jackals (D:3)
  6 kobolds
  A quokka (D:2)
  3 bats
  3 frilled lizards
  4 rats
49 creatures vanquished.

Notes
Turn   | Place    | Note
-------+----------+-------------------------------------------
     0 | D:1      | Peterchen the Minotaur Berserker began the quest for the Orb.
     0 | D:1      | Reached XP level 1. HP: 19/19 MP: 0/0
   243 | D:1      | Reached XP level 2. HP: 27/27 MP: 1/1
   797 | D:2      | Reached XP level 3. HP: 25/33 MP: 2/2
  1243 | D:2      | Found a stormy altar of Qazlal.
  1316 | D:2      | Reached ** piety under Trog
  1604 | D:2      | Reached XP level 4. HP: 38/40 MP: 3/3
  1928 | D:3      | Noticed Ijyb
  1949 | D:3      | Splashed by Ijyb's acid

Vault maps used:
D:1:      erik_arrival_triangle_large
D:2:      nicolae_overflow_hidden_temple
D:3:      serial_bayou_pond_d, yredelemnul_altar_generic, uniq_ijyb

Skill      XL: |  1  2  3 |
---------------+----------+-----
Axes           | 4 |  4.9
Fighting       | 4 |  4.3
Armour         | 3 |  3.3
Dodging        | 3 |  3.1

Action                   |  1- 3 |  4- 6 || total
-------------------------+-------+-------++-------
Melee: Hand axe          |    92 |    42 ||   134
       Headbutt          |     7 |     4 ||    11
Invok: Berserk           |     2 |     2 ||     4
       Trog's Hand       |       |     2 ||     2
  Use: Scroll            |       |     1 ||     1
       Potion            |       |     1 ||     1
  Eat: Chunk             |     3 |     3 ||     6
Armor: Animal skin       |     1 |       ||     1
       Ring mail         |    20 |    15 ||    35
       Chain mail        |       |    14 ||    14
Dodge: Dodged            |    47 |    32 ||    79

Table legend:
 A = Spawn XP
 B = Non-spawn XP
 C = Spawn XP percentage of total XP
 D = Spawn monster count
 E = Non-spawn monster count
 F = Spawn count percentage of total count
 G = Total turns spent on level
                    A         B        C        D         E        F      G
               +---------+---------+-------+---------+---------+-------+---------
         Total |       0 |     148 |   0.0 |       0 |      49 |   0.0 |  1949
               +---------+---------+-------+---------+---------+-------+---------
           D:1 |       0 |      25 |   0.0 |       0 |      13 |   0.0 |   783
           D:2 |       0 |      86 |   0.0 |       0 |      23 |   0.0 |  1039
           D:3 |       0 |      37 |   0.0 |       0 |      13 |   0.0 |   127
               +---------+---------+-------+---------+---------+-------+---------
